 Dungeon Crawl Stone Soup version 0.27-a0-1147-gb3d8e82157 (webtiles) character file.

Game seed: 4948142656393031656

142 Froggeryz the Ducker (level 5, 0/43 HPs)
             Began as a Gnoll Gladiator on May 12, 2021.
             Slain by a steam dragon (2 damage)
             ... on level 3 of the Dungeon.
             The game lasted 00:01:46 (2250 turns).

Froggeryz the Ducker (Gnoll Gladiator)              Turns: 2250, Time: 00:01:46

Health: 0/43       AC:  7    Str: 14    XL:     5   Next: 25%
Magic:  25/25      EV: 11    Int:  8    God:
Gold:   98         SH:  0    Dex: 13    Spells: 6/6 levels left

rFire    . . .     SeeInvis .   g - +1 dagger (venom)
rCold    . . .     Faith    .   (no shield)
rNeg     . . .     Spirit   .   h - +0 scale mail
rPois    .         Reflect  .   c - +0 helmet
rElec    .         Harm     .   (no cloak)
rCorr    .         Rampage  .   (no gloves)
Will     .....                  (no boots)
Stlth    ..........             (no amulet)
HPRegen  0.14/turn              e - ring of magical power
MPRegen  0.19/turn              m - ring of magical power

@: hasted, very quick
A: fangs 1, strong nose, distributed training
a: no special abilities


You were on level 3 of the Dungeon.
You visited 1 branch of the dungeon, and saw 3 of its levels.

You collected 98 gold pieces.

Inventory:

Hand Weapons
 a - a +0 flail
 g - a +1 dagger of venom (weapon)
Missiles
 d - 3 throwing nets (quivered)
Armour
 c - a +0 helmet (worn)
 h - a +0 scale mail (worn)
Jewellery
 e - a ring of magical power (left hand)
 m - a ring of magical power (right hand)
Wands
 q - a wand of acid (7)
Scrolls
 b - 2 scrolls of identify {unknown}
 i - 4 scrolls of teleportation {unknown}
 j - a scroll of fog {unknown}
 n - a scroll of immolation {unknown}
Potions
 f - a potion of berserk rage {unknown}
 k - a potion of haste
 l - a potion of might {unknown}
 o - a potion of degeneration {unknown}
 p - a potion of attraction {unknown}
 r - a potion of curing {unknown}


   Skills:
 + Level 4.7 Fighting
 + Level 1.4 Short Blades
 + Level 1.4 Long Blades
 + Level 1.4 Axes
 + Level 6.7 Maces & Flails
 + Level 1.4 Polearms
 + Level 1.4 Staves
 + Level 1.4 Slings
 + Level 1.4 Bows
 + Level 1.4 Crossbows
 + Level 4.7 Throwing
 + Level 1.4 Armour
 + Level 6.7 Dodging
 + Level 1.4 Stealth
 + Level 1.4 Shields
 + Level 1.4 Unarmed Combat
 + Level 1.4 Spellcasting
 + Level 1.1 Conjurations
 + Level 1.1 Hexes
 + Level 1.1 Summonings
 + Level 1.1 Necromancy
 + Level 1.1 Translocations
 + Level 1.1 Transmutations
 + Level 1.1 Fire Magic
 + Level 1.1 Ice Magic
 + Level 1.1 Air Magic
 + Level 1.1 Earth Magic
 + Level 1.1 Poison Magic
 + Level 1.6 Invocations
 + Level 1.4 Evocations


You had 6 spell levels left.
You didn't know any spells.
Your spell library contained the following spells:

 Spells                   Type           Power      Damage    Failure   Level
 Confusing Touch          Hex            2%         N/A       97%         3
 Gell's Gravitas          Tloc           1%         N/A       97%         3
 Petrify                  Tmut/Erth      2%         N/A       100%        4
 Metabolic Englaciation   Hex/Ice        1%         N/A       100%        5
 Yara's Violent Unravell  Hex/Tmut       1%         3d3       100%        5


Dungeon Overview and Level Annotations

Branches:
Dungeon (3/15)

Altars:
Trog


Innate Abilities, Weirdness & Mutations

You have very sharp teeth.
Your uncanny sense of smell can sniff out nearby items.
Your experience applies equally to all skills.


Message History

You hit Ijyb but do no damage.
Ijyb looks as sick as possible!
Ijyb is almost dead.
Ijyb barely misses you.
You closely miss Ijyb.
Ijyb is almost dead.
Ijyb barely misses you.
You hit Ijyb but do no damage.
Ijyb looks as sick as possible!
Your bite misses Ijyb.
Ijyb is almost dead.
You kill Ijyb!
No target in view!
q - a wand of acid (7)
Things that are here:
a +0 dagger; a +0 ring mail; the goblin corpse of Ijyb Magic restored.
r - a sedimented golden potion
Things that are here:
a +0 dagger; a +0 ring mail; the goblin corpse of Ijyb
k - 2 puce potions (gained 1)
Found a ring mail.
Found a plate armour.
A steam dragon comes into view.
The steam dragon hisses angrily.
The steam dragon breathes steam at you. The ball of steam hits you!
You hit the steam dragon but do no damage.
The steam dragon is poisoned.
You are engulfed in a cloud of scalding steam.
You hit the steam dragon.
The steam dragon looks as sick as possible!
The steam dragon is lightly wounded.
You are engulfed in a cloud of scalding steam.
The steam dragon bites you! The steam dragon claws you.
* * * LOW HITPOINT WARNING * * *
You are too injured to fight recklessly!
It was a potion of haste.
You feel yourself speed up.
You are engulfed in a cloud of scalding steam.
* * * LOW HITPOINT WARNING * * *
The steam dragon bites you.
You die...

#.########
#.# #.#
#.# #§#
#.# #.#
#§# #@#
#D# #.#
#.# ..#
###


You could see a steam dragon (extremely poisoned, catching breath).

Vanquished Creatures
  Ijyb (D:3)
  A gnoll (D:1)
  3 adders
  5 dart slugs
  9 bats
  8 endoplasms
  4 giant cockroaches
  4 goblins
  3 hobgoblins (D:2)
  5 jackals
  7 kobolds
  3 quokkas
  6 ball pythons
  4 frilled lizards
  5 rats
68 creatures vanquished.

Notes
Turn   | Place    | Note
-------+----------+-------------------------------------------
     0 | D:1      | Froggeryz the Gnoll Gladiator began the quest for the Orb.
     0 | D:1      | Reached XP level 1. HP: 20/20 MP: 1/1
    67 | D:1      | Reached XP level 2. HP: 24/26 MP: 2/2
   522 | D:1      | Found a faded altar of an unknown god.
   614 | D:1      | Reached XP level 3. HP: 29/31 MP: 3/3
   880 | D:1      | Reached skill level 1 in Invocations
   958 | D:1      | Reached skill level 1 in Short Blades
   958 | D:1      | Reached skill level 1 in Long Blades
   958 | D:1      | Reached skill level 1 in Axes
   958 | D:1      | Reached skill level 1 in Polearms
   958 | D:1      | Reached skill level 1 in Staves
   958 | D:1      | Reached skill level 1 in Slings
   958 | D:1      | Reached skill level 1 in Bows
   958 | D:1      | Reached skill level 1 in Crossbows
   958 | D:1      | Reached skill level 1 in Armour
   958 | D:1      | Reached skill level 1 in Stealth
   958 | D:1      | Reached skill level 1 in Shields
   958 | D:1      | Reached skill level 1 in Unarmed Combat
   958 | D:1      | Reached skill level 1 in Spellcasting
   958 | D:1      | Reached skill level 1 in Evocations
  1070 | D:2      | Reached XP level 4. HP: 34/38 MP: 5/5
  1422 | D:2      | Reached skill level 1 in Conjurations
  1422 | D:2      | Reached skill level 1 in Hexes
  1422 | D:2      | Reached skill level 1 in Summonings
  1422 | D:2      | Reached skill level 1 in Necromancy
  1422 | D:2      | Reached skill level 1 in Translocations
  1422 | D:2      | Reached skill level 1 in Transmutations
  1422 | D:2      | Reached skill level 1 in Fire Magic
  1422 | D:2      | Reached skill level 1 in Ice Magic
  1422 | D:2      | Reached skill level 1 in Air Magic
  1422 | D:2      | Reached skill level 1 in Earth Magic
  1422 | D:2      | Reached skill level 1 in Poison Magic
  1879 | D:3      | Found a bloodstained altar of Trog.
  1938 | D:3      | Reached XP level 5. HP: 30/43 MP: 6/6
  2091 | D:3      | Noticed Ijyb
  2108 | D:3      | Killed Ijyb
  2244 | D:3      | Noticed a steam dragon
  2250 | D:3      | HP: 2/43 [steam dragon] (9)]
  2250 | D:3      | Slain by a steam dragon

Illustrated notes

Levels and vault maps discovered:
D:1:      ebering_hopf_link, layout_basic, shapermc_ecumenical_altar_venn,
          st_stairs_4, hangedman_decor_growths
D:2:      layout_loops_cross
D:3:      layout_loops_ring, overflow_temple_1_default, uniq_ijyb

Skill      XL: |  1  2  3  4 |
---------------+-------------+-----
Invocations    | 1 |  1.6
Short Blades   | 1 |  1.4
Long Blades    | 1 |  1.4
Axes           | 1 |  1.4
Polearms       | 1 |  1.4
Staves         | 1 |  1.4
Slings         | 1 |  1.4
Bows           | 1 |  1.4
Crossbows      | 1 |  1.4
Armour         | 1 |  1.4
Stealth        | 1 |  1.4
Shields        | 1 |  1.4
Unarmed Combat | 1 |  1.4
Spellcasting   | 1 |  1.4
Evocations     | 1 |  1.4
Conjurations   | 1 |  1.1
Hexes          | 1 |  1.1
Summonings     | 1 |  1.1
Necromancy     | 1 |  1.1
Translocations | 1 |  1.1
Transmutations | 1 |  1.1
Fire Magic     | 1 |  1.1
Ice Magic      | 1 |  1.1
Air Magic      | 1 |  1.1
Earth Magic    | 1 |  1.1
Poison Magic   | 1 |  1.1
Fighting       | |  4.7
Maces & Flails | |  6.7
Throwing       | |  4.7
Dodging        | |  6.7

Action                   |  1- 3 |  4- 6 || total
-------------------------+-------+-------++-------
Melee: Flail             |    13 |       ||    13
       Dagger            |    89 |    95 ||   184
       Bite              |    10 |     6 ||    16
  Use: Potion            |       |     1 ||     1
Armor: Leather armour    |     3 |       ||     3
       Scale mail        |    47 |    46 ||    93
Dodge: Dodged            |    67 |    54 ||   121

Table legend: (Time is in decaauts)
 A = Elapsed time spent in this place.
 B = Non-inter-level travel time spent in this place.
 C = Inter-level travel time spent in this place.
 D = Time resting spent in this place.
 E = Time spent auto-exploring this place.
 F = Levels seen in this place.
 G = Mean time per level.
                   A        B        C        D        E       F      G
               +--------+--------+--------+--------+--------+-----+--------+
         Total |   2240 |   2164 |     76 |      0 |   1786 |   3 |  746.7 |
       Dungeon |   2240 |   2164 |     76 |      0 |   1786 |   3 |  746.7 |
               +--------+--------+--------+--------+--------+-----+--------+

Top non-repeatable levels by time:
     D:1: 1026 daAuts
     D:2: 823 daAuts
     D:3: 389 daAuts
